 Dungeon Crawl Stone Soup version 0.27.1-1-g398f81649c (webtiles) character file.

Game seed: 6799255884767061067

140 VelvetShell the Skirmisher (level 5, -3/48 HPs)
             Began as a Minotaur Berserker on Sept 6, 2021.
             Was a Believer of Trog.
             Slain by Blork the orc (6 damage)
             ... on level 4 of the Dungeon.
             The game lasted 00:13:17 (2571 turns).

VelvetShell the Skirmisher (Minotaur Berserker)     Turns: 2571, Time: 00:13:18

Health: -3/48      AC: 12    Str: 22    XL:     5   Next: 2%
Magic:  4/4        EV: 10    Int:  4    God:    Trog [**....]
Gold:   69         SH:  0    Dex: 10    Spells: 4/4 levels left

rFire    + . .     SeeInvis .   a - +0 hand axe
rCold    . . .     Faith    .   (no shield)
rNeg     . . .     Spirit   .   b - +0 scale mail
rPois    .         Reflect  .   (helmet restricted)
rElec    .         Harm     .   j - +0 cloak
rCorr    .         Rampage  .   (no gloves)
Will     .....                  (no boots)
Stlth    ..........             (no amulet)
HPRegen  0.16/turn              f - +4 ring of protection
MPRegen  0.09/turn              l - ring of protection from fire

@: no status effects
A: horns 2, retaliatory headbutt
a: Renounce Religion, Berserk, Trog's Hand


You were on level 4 of the Dungeon.
You worshipped Trog.
Trog was pleased with you.
You visited 1 branch of the dungeon, and saw 4 of its levels.

You collected 129 gold pieces.
You spent 60 gold pieces at shops.

Inventory:

Hand Weapons
 a - a +0 hand axe (weapon)
Missiles
 k - 77 stones (quivered)
Armour
 b - a +0 scale mail (worn)
 j - a +0 cloak (worn)
Jewellery
 f - a +4 ring of protection (left hand)
 l - a ring of protection from fire (right hand)
Scrolls
 e - a scroll of enchant armour
 g - a scroll of noise {unknown}
 h - a scroll of acquirement {unknown}
 i - a scroll of teleportation
 o - 3 scrolls of summoning {unknown}
 p - a scroll of blinking {unknown}
Potions
 c - a potion of curing {unknown}
 d - a potion of resistance {unknown}
 m - a potion of ambrosia {unknown}
 n - 2 potions of brilliance {unknown}


   Skills:
 + Level 5.0 Fighting
 + Level 4.9 Axes
 + Level 3.3 Armour
 + Level 3.1 Dodging
 - Level 0.1 Stealth


You had 4 spell levels left.
You didn't know any spells.
Your spell library was empty.

Dungeon Overview and Level Annotations

Branches:
Dungeon (4/15)
 Temple: D:4-7

Altars:
Okawaru

Shops:
D:1 ?

Annotations:
D:4 Blork the orc, Grinder


Innate Abilities, Weirdness & Mutations

You have a pair of horns on your head.
You reflexively headbutt those who attack you in melee.


Message History

Press: ? - help, v - describe, . - travel
Here: a gnoll, wielding a +0 halberd The floor.
As you read the scroll of teleportation, it crumbles to dust.
You feel strangely unstable. The gnoll hits you but does no damage.
You hit the gnoll but do no damage. The gnoll hits you but does no damage.
The gnoll hits you from afar with a +0 spear.
You hit the gnoll. Your headbutt misses the gnoll.
The gnoll is moderately wounded.
The gnoll hits you with a +0 halberd.
The gnoll hits you from afar with a +0 spear.
You hit the gnoll.
The gnoll is moderately wounded.
Your surroundings suddenly seem different.
Grinder comes into view.
Found a metallic emerald potion.
Found an escape hatch in the floor.
Found two stone staircases leading up.
Grinder shouts!
Found a whip.
Found an escape hatch in the ceiling.
Grinder blinks!
Blork the orc comes into view.
He is wielding a +3 scimitar of distortion.
Blork the orc looks satisfied for a moment.
Blork the orc mumbles some strange words.
Blork the orc seems to speed up.
Blork the orc barely misses you.
Blork the orc hits you with a +3 scimitar of distortion!
You blink.
Found a black potion.
Blork the orc hits you with a +3 scimitar of distortion.
Space bends around you. Blork the orc closely misses you.
You furiously retaliate!
You headbutt Blork the orc!
Grinder blinks!
Blork the orc casts a spell at you. The puff of flame hits you. You resist.
Blork the orc hits you with a +3 scimitar of distortion.
Space warps horribly around you!!
* * * LOW HITPOINT WARNING * * *
There is a stone staircase leading up, spattered with blood here.
Blork the orc hits you with a +3 scimitar of distortion.
You die...

........####.#...##...
.........##.5#........
......<<.......#..>...
................).....
...............#....!.
.........#.#...#......
......................
.......o.##...........
.......@.#.....#.....
.........#..####...
...!.........
.............
...............
#.............#
######..#.....#
#.........


You could see Grinder and Blork the orc (fast).

Vanquished Creatures
  4 gnolls (D:1)
  4 adders
  A worm (D:2)
  6 ball pythons
  2 endoplasms
  2 giant cockroaches
  4 goblins
  3 hobgoblins
  6 jackals
  A quokka (D:2)
  14 bats
  5 frilled lizards
  7 kobolds
  2 rats
61 creatures vanquished.

Notes
Turn   | Place    | Note
-------+----------+-------------------------------------------
     0 | D:1      | VelvetShell the Minotaur Berserker began the quest for the
                  | Orb.
     0 | D:1      | Reached XP level 1. HP: 19/19 MP: 0/0
   199 | D:1      | Reached XP level 2. HP: 27/27 MP: 1/1
   247 | D:1      | Reached skill level 4 in Fighting
   509 | D:1      | Found Ler Vuir's Magic Scroll Shoppe.
   619 | D:1      | Reached ** piety under Trog
   638 | D:1      | Reached XP level 3. HP: 33/33 MP: 2/2
  1080 | D:1      | Bought a scroll of teleportation for 36 gold pieces
  1080 | D:1      | Bought a scroll of identify for 24 gold pieces
  1138 | D:2      | Found a faded altar of an unknown god.
  1696 | D:1      | Reached XP level 4. HP: 39/41 MP: 3/3
  2092 | D:3      | Reached skill level 5 in Fighting
  2421 | D:3      | Reached XP level 5. HP: 44/48 MP: 4/4
  2552 | D:3      | You fall into a shaft and drop 1 floor!
  2552 | D:4      | Found an iron altar of Okawaru.
  2556 | D:4      | Noticed Grinder
  2558 | D:4      | Noticed Blork the orc
  2571 | D:4      | Slain by Blork the orc

Illustrated notes

Levels and vault maps discovered:
D:1:      dpeg_arrival_stonehenge_8_columns, layout_basic, serial_shops,
          nicolae_shop_waterfront, st_stairs_4, minmay_hexomino_u4
D:2:      layout_loops_cross, ebering_ecumenical_altar_ruins
D:3:      minmay_razor_zed, layout_basic
D:4:      layout_rooms, mainiacjoe_overflow_concentric_impassable,
          mainiacjoe_overflow_small_starburst, mainiacjoe_overflow_brackets,
          lightli_sewer_entry_pipes, minmay_starry_boxes, uniq_grinder,
          uniq_blork_the_orc, uniq_edmund

Skill      XL: |  1  2  3  4 |
---------------+-------------+-----
Fighting       | 4 5 |  5.0
Axes           | 4 |  4.9
Armour         | 3 |  3.3
Dodging        | 3 |  3.1
Stealth        | |  0.1

Action                   |  1- 3 |  4- 6 || total
-------------------------+-------+-------++-------
Melee: Hand axe          |   102 |    40 ||   142
       Headbutt          |    13 |     4 ||    17
Invok: Berserk           |     1 |     2 ||     3
  Use: Scroll            |     1 |     1 ||     2
Armor: Ring mail         |     7 |       ||     7
       Animal skin       |     2 |       ||     2
       Scale mail        |    49 |    30 ||    79
Dodge: Dodged            |    68 |    30 ||    98
